 Dungeon Crawl Stone Soup version 0.20.0-7-g3b7b877 (webtiles) character file.

806 rageheart7 the Grappler (level 7, -5/65 HPs)
             Began as a Troll Monk on May 30, 2017.
             Was a Believer of Ru.
             Slain by a troll (13 damage)
             ... on level 5 of the Dungeon.
             The game lasted 00:08:37 (3930 turns).

rageheart7 the Grappler (Troll Monk)                Turns: 3930, Time: 00:08:37

Health: -5/65      AC:  5    Str: 22    XL:     7   Next: 60%
Magic:  6/6        EV: 10    Int:  6    God:    Ru [**....]
Gold:   132        SH:  0    Dex: 12    Spells: 6/6 levels left

rFire    . . .     SeeInvis .   d - +11 plutonium sword {*Contam Stlth-}
rCold    . . .     Gourm    +   (shield currently unavailable)
rNeg     . . .     Faith    .   a - +0 robe
rPois    .         Spirit   .   (helmet restricted)
rElec    .         Reflect  .   (no cloak)
rCorr    .         Harm     .   (gloves unavailable)
MR       .....                  (boots unavailable)
Stlth    ..........             (no amulet)
Regen    0.6/turn               (no ring)
MPRegen  0.1/turn               (no ring)

@: no status effects
A: unfitting armour, claws 3, fast metabolism 3, gourmand, regeneration 1,
shaggy fur 1, tough skin 2, unskilled 1
a: Renounce Religion


You were on level 5 of the Dungeon.
You worshipped Ru.
Ru was pleased with you.
You were very full.

You visited 2 branches of the dungeon, and saw 6 of its levels.
You also visited: Sewer.

You collected 132 gold pieces.

Inventory:

Hand Weapons
 d - the +11 plutonium sword (weapon) {*Contam Stlth-}
   (You found it in a sewer)

   It causes magical contamination when unequipped.
   It makes you less stealthy.
 v - a +2 trident of piercing
Missiles
 m - a throwing net (quivered)
Armour
 a - a +0 robe (worn)
Jewellery
 q - an uncursed amulet of rage
Wands
 o - a wand of disintegration (13/24)
Scrolls
 c - a scroll of fear
 j - 9 scrolls of teleportation
 n - a scroll of identify
Potions
 e - a potion of resistance
 f - 3 potions of might
 i - 3 potions of curing {unknown}
 k - 2 potions of heal wounds {unknown}
 l - a potion of brilliance {unknown}
Comestibles
 b - 5 bread rations
 g - 4 meat rations
 h - a royal jelly
 t - 5 fruits


   Skills:
 - Level 2.1 Fighting
 - Level 2.1 Dodging
 - Level 0.9 Stealth
 * Level 8.3 Unarmed Combat


You had 6 spell levels left.
You didn't know any spells.

Dungeon Overview and Level Annotations

Branches:
Dungeon (5/15)             Temple (1/1) D:4

Altars:
Ashenzari
Cheibriados
Dithmenos
Elyvilon
Fedhas
Gozag
Hepliaklqana
Kikubaaqudgha
Makhleb
Nemelex Xobeh
Okawaru
Qazlal
Ru
Sif Muna
Trog
Uskayaw
Vehumet
Xom
Yredelemnul
Zin
The Shining One

Shops:
D:5 =


Innate Abilities, Weirdness & Mutations

You are too large for most types of armour.
You have claws for hands.
Your metabolism is lightning-fast.
You like to eat raw meat.
Your natural rate of healing is unusually fast.
You are covered in fur. (AC +1)
You have very tough skin. (AC +2)
You are somewhat unskilled. (-1 Apt)


Message History

The ogre hits you with a giant spiked club!
A hound comes into view.
The hound barks!
An orc and a phantom come into view.
The orc shouts!
You slash the ogre!
Mutagenic energy flows through the plutonium sword!
The ogre is severely wounded.
The ogre hits you with a giant spiked club!
The crimson imp sputters.
You redirect the phantom's attack!
The phantom moves out of view.
The troll bites you! The troll claws you. x2
* * * LOW HITPOINT WARNING * * *
The shadow imp begins to attack, but is stunned by your will!
The ogre hits you with a giant spiked club.
* * * LOW HITPOINT WARNING * * *
The troll bites you.
* * * LOW HITPOINT WARNING * * *
The troll claws you!
You die...

...##.######.#...###$
.................... ..
...##.######.#....##....
#.......# #.##....#.#.
##.##.#.# #............
#.##.#.# #....#...#...
#....#.# #.##..#...#
#.####.# #.##..?# #.#
#.# #.##.@#...#
##.####.# #.##O#T5.#...
.#......# #[##.....W...
.#.###### #. #...#..o#.
.#.# ...#..5#.. ...#
#.#%. #h.. .### #. ..
#.5 .# #. #. #. .#


You could see a troll, a phantom (wandering), an ogre, a hound, 2 crimson imps,
a shadow imp and an orc.

Vanquished Creatures
  Grinder (Sewer)
  2 big kobolds (Sewer)
  A hound (D:4)
  A quasit (Sewer)
  4 big kobold zombies (Sewer)
  6 gnolls (D:3)
  13 adders
  5 shadow imps (Sewer)
  3 ufetubi (Sewer)
  An ooze (D:3)
  An adder zombie (Sewer)
  2 dart slugs
  4 worms
  A leopard gecko (D:1)
  2 orcs (D:3)
  4 giant cockroaches
  6 goblins
  6 hobgoblins
  7 jackals (D:3)
  19 kobolds
  3 quokkas
  A ball python (D:3)
  4 bats
  11 frilled lizards
  2 kobold zombies (Sewer)
  A quokka skeleton (D:4)
  6 rats
117 creatures vanquished.

Vanquished Creatures (others)
  An adder (Sewer)
1 creature vanquished.

Grand Total: 118 creatures vanquished

Notes
Turn   | Place    | Note
-------+----------+-------------------------------------------
     0 | D:1      | rageheart7 the Troll Monk began the quest for the Orb.
     0 | D:1      | Reached XP level 1. HP: 22/22 MP: 0/0
   232 | D:1      | Reached XP level 2. HP: 29/29 MP: 1/1
   563 | D:1      | Reached skill level 4 in Unarmed Combat
   692 | D:2      | Reached XP level 3. HP: 34/36 MP: 2/2
  1510 | D:3      | Reached skill level 5 in Unarmed Combat
  1510 | D:3      | Reached XP level 4. HP: 28/44 MP: 3/3
  1790 | D:3      | Reached XP level 5. HP: 37/50 MP: 4/4
  1876 | D:3      | Reached skill level 6 in Unarmed Combat
  2662 | D:4      | Found a staircase to the Ecumenical Temple.
  2891 | Temple   | Entered the Ecumenical Temple
  3184 | Temple   | Became a worshipper of Ru the Awakened
  3206 | D:4      | Gained mutation: You are somewhat unskilled. (-1 Apt) [Ru sacrifice]
  3206 | D:4      | Reached * piety under Ru
  3206 | D:4      | Reached ** piety under Ru
  3291 | D:5      | Entered Level 5 of the Dungeon
  3366 | D:5      | Found Gufucw's Jewellery Boutique.
  3389 | D:5      | Found a glowing drain.
  3405 | Sewer    | Entered a sewer
  3444 | Sewer    | Reached XP level 6. HP: 52/57 MP: 5/5
  3574 | Sewer    | Found a burning altar of Makhleb.
  3583 | Sewer    | Reached skill level 7 in Unarmed Combat
  3629 | Sewer    | Noticed Grinder
  3643 | Sewer    | Killed Grinder
  3643 | Sewer    | Reached XP level 7. HP: 59/65 MP: 6/6
  3668 | Sewer    | Reached skill level 8 in Unarmed Combat
  3927 | D:5      | Noticed a troll
  3930 | D:5      | Slain by a troll

Skill      XL: |  1  2  3  4  5  6  7 |
---------------+----------------------+-----
Unarmed Combat | 4 5 6 7 8 |  8.3
Stealth        | 0 |  0.9
Fighting       | |  2.1
Dodging        | |  2.1

Action                   |  1- 3 |  4- 6 |  7- 9 || total
-------------------------+-------+-------+-------++-------
Melee: Unarmed           |   104 |   162 |    12 ||   278
       Punch             |     2 |     3 |       ||     5
       Triple sword      |       |       |    11 ||    11
Invok: Sacrifice Skill   |       |     1 |       ||     1
  Use: Scroll            |     3 |    11 |       ||    14
       Potion            |       |     2 |       ||     2
 Stab: Sleeping          |     3 |     7 |       ||    10
  Eat: Chunk             |    19 |    19 |     2 ||    40
Armor: Robe              |    31 |    49 |     9 ||    89
Dodge: Dodged            |    38 |    81 |     9 ||   128
       Rpst.: Triple sword |       |       |     2 ||     2
